BR
WATERTOWN HEADHUNTERS @ PLYMOUTH COCKS
08/22/2026
 
TOP OF THE 1ST
Watertown Headhunters batting - Pitching for Plymouth Cocks : LHP Roberto Galaz
Pitching: LHP Roberto Galaz
Batting: RHB Daniel Martínez 0-0: Ball
1-0: Called Strike
1-1: Ball
2-1: DOUBLE (Line Drive, 7D)
Batting: RHB Ira Ross 0-0: Called Strike
0-1: Ground out 4-3 (Groundball, 34)
Daniel Martínez to third
Batting: LHB Robin Jamieson 0-0: Foul Ball, location: 2F
0-1: Foul Ball, location: 2F
0-2: Foul Ball, location: 2F
0-2: Strikes out swinging
Batting: RHB Luis Quezada 0-0: Foul Ball, location: 2F
0-1: Ball
1-1: Foul Ball, location: 2F
1-2: Strikes out swinging
Top of the 1st over - 0 run(s), 1 hit(s), 0 error(s), 1 left on base; Watertown 0 - Plymouth 0
BOTTOM OF THE 1ST
Plymouth Cocks batting - Pitching for Watertown Headhunters : RHP Craig Smith
Pitching: RHP Craig Smith
Batting: RHB Phil Hacker 0-0: Swinging Strike
0-1: Swinging Strike
0-2: Strikes out swinging
Batting: RHB Cipriano Baca 0-0: Ball
1-0: Ground out 6-3 (Groundball, 6)
Batting: RHB Tomás Díaz 0-0: Ball
1-0: Called Strike
1-1: Ball
2-1: Fly out, F3 (Popup, 23F)
Bottom of the 1st over - 0 run(s), 0 hit(s), 0 error(s), 0 left on base; Watertown 0 - Plymouth 0
TOP OF THE 2ND
Watertown Headhunters batting - Pitching for Plymouth Cocks : LHP Roberto Galaz
Batting: LHB Wally Harris 0-0: Called Strike
0-1: Foul Ball, location: 2F
0-2: Foul Ball, location: 2F
0-2: Foul Ball, location: 2F
0-2: Ball
1-2: Foul Ball, location: 2F
1-2: SINGLE (Groundball, 34)
Batting: LHB Burt Ward 0-0: Ball
1-0: Fly out, F9 (Flyball, 9S)
Batting: LHB Jorge Luna 0-0: Called Strike
0-1: Ball
Wild Pitch!
Wally Harris to second
1-1: Called Strike
1-2: Ball
2-2: Fly out, F8 (Line Drive, 8LM)
Batting: RHB Andrew Deal 0-0: Fly out, F8 (Flyball, 8RM)
Top of the 2nd over - 0 run(s), 1 hit(s), 0 error(s), 1 left on base; Watertown 0 - Plymouth 0
BOTTOM OF THE 2ND
Plymouth Cocks batting - Pitching for Watertown Headhunters : RHP Craig Smith
Batting: RHB Kelly Graham 0-0: Called Strike
0-1: Foul Ball, location: 2F
0-2: Ball
1-2: Ball
2-2: Foul Ball, location: 2F
2-2: Foul Ball, location: 2F
2-2: Ball
3-2: Fly out, F9 (Flyball, 9LSF)
Batting: LHB José Guzmán 0-0: Ground out U3 (Groundball, 3S)
Batting: RHB Dan Duckworth 0-0: Ball
1-0: Ball
2-0: SINGLE (Groundball, 56D)
Batting: RHB Chase Wilkerson 0-0: Ball
1-0: Ground out 5-3 (Groundball, 15S)
Bottom of the 2nd over - 0 run(s), 1 hit(s), 0 error(s), 1 left on base; Watertown 0 - Plymouth 0
TOP OF THE 3RD
Watertown Headhunters batting - Pitching for Plymouth Cocks : LHP Roberto Galaz
Batting: RHB Joe Salas 0-0: Foul Ball, location: 2F
0-1: SINGLE (Flyball, 9LS)
Batting: RHB Daniel Martínez 0-0: Fly out, F6 (Line Drive, 6M)
Batting: RHB Ira Ross 0-0: Called Strike
0-1: Ball
1-1: Foul Ball, location: 2F
1-2: Foul Ball, location: 2F
1-2: Ball
2-2: Strikes out looking
Batting: LHB Robin Jamieson 0-0: Foul Ball, location: 2F
0-1: Fly out, F6 (Popup, 4MD)
Top of the 3rd over - 0 run(s), 1 hit(s), 0 error(s), 1 left on base; Watertown 0 - Plymouth 0
BOTTOM OF THE 3RD
Plymouth Cocks batting - Pitching for Watertown Headhunters : RHP Craig Smith
Batting: LHB Greg Sharpe 0-0: Fly out, F9 (Flyball, 9D)
Batting: LHB Will Elliott 0-0: Ball
1-0: Called Strike
1-1: Fly out, F3 (Popup, 23F)
Batting: RHB Phil Hacker 0-0: Ball
1-0: DOUBLE (Line Drive, 89S)
Batting: RHB Cipriano Baca 0-0: Ball
1-0: Ball
2-0: DOUBLE (Line Drive, 78M)
Phil Hacker scores
Batting: RHB Tomás Díaz 0-0: Foul Ball, location: 2F
0-1: Ground out 3-1 (Groundball, 34S)
Bottom of the 3rd over - 1 run(s), 2 hit(s), 0 error(s), 1 left on base; Watertown 0 - Plymouth 1
TOP OF THE 4TH
Watertown Headhunters batting - Pitching for Plymouth Cocks : LHP Roberto Galaz
Batting: RHB Luis Quezada 0-0: Foul Ball, location: 2F
0-1: Ground out 5-3 (Groundball, 56)
Batting: LHB Wally Harris 0-0: Foul Ball, location: 2F
0-1: Ball
1-1: Ball
2-1: Ground out 6-3 (Groundball, 6)
Batting: LHB Burt Ward 0-0: Ball
1-0: DOUBLE (Groundball, 3L)
Batting: LHB Jorge Luna 0-0: Called Strike
0-1: Fly out, F6 (Popup, 6MD)
Top of the 4th over - 0 run(s), 1 hit(s), 0 error(s), 1 left on base; Watertown 0 - Plymouth 1
BOTTOM OF THE 4TH
Plymouth Cocks batting - Pitching for Watertown Headhunters : RHP Craig Smith
Batting: RHB Kelly Graham 0-0: Ball
1-0: Called Strike
1-1: Ball
2-1: Ground out 6-3 (Groundball, 6)
Batting: LHB José Guzmán 0-0: Ball
1-0: Fly out, F7 (Flyball, 78S)
Batting: RHB Dan Duckworth 0-0: Ground out 3-1 (Groundball, 34)
Bottom of the 4th over - 0 run(s), 0 hit(s), 0 error(s), 0 left on base; Watertown 0 - Plymouth 1
TOP OF THE 5TH
Watertown Headhunters batting - Pitching for Plymouth Cocks : LHP Roberto Galaz
Batting: RHB Andrew Deal 0-0: Ball
1-0: SINGLE (Line Drive, 56)
Batting: RHB Joe Salas 0-0: Ball
1-0: Called Strike
1-1: Foul Ball, location: 2F
1-2: Strikes out swinging
Batting: RHB Daniel Martínez 0-0: Called Strike
0-1: Ball
1-1: Fly out, F7 (Line Drive, 78M)
Batting: RHB Ira Ross 0-0: Called Strike
0-1: Swinging Strike
0-2: Ball
1-2: Foul Ball, location: 2F
1-2: Fielders Choice at 2nd, 5-4 (Groundball, 56)
Top of the 5th over - 0 run(s), 1 hit(s), 0 error(s), 0 left on base; Watertown 0 - Plymouth 1
BOTTOM OF THE 5TH
Plymouth Cocks batting - Pitching for Watertown Headhunters : RHP Craig Smith
Batting: RHB Chase Wilkerson 0-0: Ball
1-0: Ground out 6-3 (Groundball, 6M)
Batting: LHB Greg Sharpe 0-0: Swinging Strike
0-1: Called Strike
0-2: Fly out, F7 (Flyball, 78M)
Batting: LHB Will Elliott 0-0: Ground out 1-3 (Groundball, 13)
Bottom of the 5th over - 0 run(s), 0 hit(s), 0 error(s), 0 left on base; Watertown 0 - Plymouth 1
TOP OF THE 6TH
Watertown Headhunters batting - Pitching for Plymouth Cocks : LHP Roberto Galaz
Batting: LHB Robin Jamieson 0-0: Ground out 4-3 (Groundball, 4)
Batting: RHB Luis Quezada 0-0: Ball
1-0: Fly out, F5 (Popup, 5S)
Batting: LHB Wally Harris 0-0: Foul Ball, location: 2F
0-1: Ball
1-1: Ball
2-1: Called Strike
2-2: Ball
3-2: Fly out, F8 (Flyball, 8LXD)
Top of the 6th over - 0 run(s), 0 hit(s), 0 error(s), 0 left on base; Watertown 0 - Plymouth 1
BOTTOM OF THE 6TH
Plymouth Cocks batting - Pitching for Watertown Headhunters : RHP Craig Smith
Batting: RHB Phil Hacker 0-0: Foul Ball, location: 2F
0-1: Ball
1-1: Ball
2-1: Ground out 5-3 (Groundball, 56S)
Batting: RHB Cipriano Baca 0-0: Called Strike
0-1: Bunt missed!
0-2: Ground out 6-3 (Groundball, 6)
Batting: RHB Tomás Díaz 0-0: Foul Ball, location: 2F
0-1: Swinging Strike
0-2: Ball
1-2: Strikes out swinging
Bottom of the 6th over - 0 run(s), 0 hit(s), 0 error(s), 0 left on base; Watertown 0 - Plymouth 1
TOP OF THE 7TH
Watertown Headhunters batting - Pitching for Plymouth Cocks : LHP Roberto Galaz
Batting: LHB Burt Ward 0-0: Ground out 4-3 (Groundball, 4S)
Batting: LHB Jorge Luna 0-0: Ball
1-0: Fly out, F3 (Popup, 3SF)
Batting: RHB Andrew Deal 0-0: Swinging Strike
0-1: Called Strike
0-2: Strikes out swinging
Top of the 7th over - 0 run(s), 0 hit(s), 0 error(s), 0 left on base; Watertown 0 - Plymouth 1
BOTTOM OF THE 7TH
Plymouth Cocks batting - Pitching for Watertown Headhunters : RHP Craig Smith
Batting: RHB Kelly Graham 0-0: Ball
1-0: Swinging Strike
1-1: Called Strike
1-2: Ball
2-2: Strikes out swinging
Batting: LHB José Guzmán 0-0: SINGLE (Flyball, 89S)
Pinch Hitting: RHB Chris Hall 0-0: Ball
1-0: Fly out, F7 (Flyball, 7LM)
Batting: RHB Chase Wilkerson 0-0: Ball
1-0: Foul Ball, location: 2F
1-1: Ball
2-1: Ball
3-1: Foul Ball, location: 2F
3-2: Strikes out swinging
Bottom of the 7th over - 0 run(s), 1 hit(s), 0 error(s), 1 left on base; Watertown 0 - Plymouth 1
TOP OF THE 8TH
Watertown Headhunters batting - Pitching for Plymouth Cocks : LHP Roberto Galaz
Now at 3B: Gary Wyatt
Batting: RHB Joe Salas 0-0: Foul Ball, location: 2F
0-1: Foul Ball, location: 2F
0-2: Foul Ball, location: 2F
0-2: Ball
1-2: Ball
2-2: Fly out, F4 (Line Drive, 4M)
Pitching: RHP Aaron Williams
Batting: RHB Daniel Martínez 0-0: Foul Ball, location: 2F
0-1: Called Strike
0-2: Ball
1-2: Strikes out looking
Batting: RHB Ira Ross 0-0: Foul Ball, location: 2F
0-1: Ball
1-1: Fly out, F6 (Popup, 6D)
Top of the 8th over - 0 run(s), 0 hit(s), 0 error(s), 0 left on base; Watertown 0 - Plymouth 1
BOTTOM OF THE 8TH
Plymouth Cocks batting - Pitching for Watertown Headhunters : RHP Craig Smith
Batting: LHB Greg Sharpe 0-0: SOLO HOME RUN (Flyball, 89XD), Distance : 428 ft
Batting: LHB Will Elliott 0-0: Called Strike
0-1: Swinging Strike
0-2: Ball
1-2: Strikes out looking
Batting: RHB Phil Hacker 0-0: Fly out, F8 (Flyball, 8LM)
Batting: RHB Cipriano Baca 0-0: Ball
1-0: Fly out, F8 (Flyball, 8RM)
Bottom of the 8th over - 1 run(s), 1 hit(s), 0 error(s), 0 left on base; Watertown 0 - Plymouth 2
TOP OF THE 9TH
Watertown Headhunters batting - Pitching for Plymouth Cocks : RHP Aaron Williams
Pitching: LHP John Dyer
Batting: LHB Robin Jamieson 0-0: Called Strike
0-1: Fly out, F2 (Popup, 2RF)
Batting: RHB Luis Quezada 0-0: Called Strike
0-1: Foul Ball, location: 2F
0-2: Ball
1-2: Ball
2-2: Strikes out swinging
Batting: LHB Wally Harris 0-0: Called Strike
0-1: Ball
1-1: Foul Ball, location: 2F
1-2: Reached on error, E6 (Groundball, 6)
Pinch Hitting: RHB Luis Montoya 0-0: Ball
1-0: Ground out 5-3 (Groundball, 56)
Top of the 9th over - 0 run(s), 0 hit(s), 1 error(s), 1 left on base; Watertown 0 - Plymouth 2
Monday, December 5th, 2016 - OOTP Baseball 17.12 Build 75